 Dungeon Crawl Stone Soup version 0.14-a0-1686-g0e827d1 (webtiles) character file.

514 HollowCharge the Twirler (level 6, 0/49 HPs)
             Began as a Djinni Gladiator on Dec 30, 2013.
             Was an Initiate of Okawaru.
             Slain by an ice beast (14 damage)
             ... on Level 3 of the Dungeon.
             The game lasted 00:35:05 (4538 turns).

HollowCharge the Twirler (Djinni Gladiator)         Turns: 4538, Time: 00:35:05

HP   0/49        AC  8     Str 17      XL: 6   Next: 37%
MP   0/0         EV 11     Int  8      God: Okawaru [......]
Gold 157         SH  0     Dex 14      Spells:  0 memorised,  5 levels left

rFire  + + +     SeeInvis .     a - +0 quarterstaff (curse)
rCold  x . .     Clarity  +     l - +2 ring mail
rNeg   + + +     Conserve .     (no shield)
rPois  .         rCorr    .     c - +0 helmet
rElec  .         rRot     .     (no cloak)
SustAb . .       Spirit   .     (no gloves)
rMut   .         Warding  .     (boots unavailable)
Saprov . . .     Stasis   .     m - amulet of clarity
                                (no ring)
                                (no ring)

@: flying, slightly resistant to hostile enchantments, very unstealthy
A: fire immunity, cold vulnerability, life protection 3
a: Renounce Religion


You were on level 3 of the Dungeon.
You worshipped Okawaru.
Okawaru was noncommittal.
You were not hungry.

You visited 2 branches of the dungeon, and saw 5 of its levels.

You collected 157 gold pieces.

Inventory:

Hand weapons
 a - a cursed +0,+0 quarterstaff (weapon)
Missiles
 n - a throwing net [torn]
 s - a throwing net (quivered)
Armour
 c - a +0 helmet (worn)
 l - a +2 ring mail (worn)
 r - a +1 leather armour of poison resistance
Magical devices
 d - a wand of random effects (14) {unknown}
 h - a wand of polymorph (11)
Scrolls
 g - 7 scrolls of remove curse
 i - 2 scrolls of identify
 p - a scroll of fog {unknown}
 q - 2 scrolls of enchant armour {unknown}
Jewellery
 m - an amulet of clarity (around neck)
Potions
 e - a potion of resistance
 f - a potion of invisibility
 j - 3 potions of curing {unknown}
 k - 2 potions of heal wounds {unknown}
 o - 2 potions of speed {unknown}
Books
 b - a book of the Sky

   Spells                             Type                      Level
   Flight                             Charms/Air                   3
   Airstrike                          Air                          4
   Silence                            Hexes/Air                    5
   Deflect Missiles                   Charms/Air                   6
   Conjure Ball Lightning             Conjuration/Air              6
   Tornado                            Air                          9


   Skills:
 + Level 3.9 Fighting
 + Level 4.6 Staves
 - Level 1.7 Throwing
 + Level 4.4 Dodging


You had 5 spell levels left.
You didn't know any spells.

Dungeon Overview and Level Annotations

Branches:
Dungeon (4/16)             Temple (1/1) D:4

Altars:
Ashenzari
Elyvilon
Kikubaaqudgha
Makhleb
Nemelex Xobeh
Okawaru
Sif Muna
Trog
Vehumet
Xom
Zin
the Shining One

Annotations:
D:3 Sigmund
D:4 Gorice's ghost, average KoWn


Innate Abilities, Weirdness & Mutations

You are immune to all types of fire, even holy and hellish.
You are vulnerable to cold.
You need no food.
You have no legs.
You are immune to negative energy.


Message History

The ice beast hits you but does no damage.
You fly upwards.
There is a stone staircase leading down here.
Things that are here:
a ring mail; an orcish club; a dwarven short sword
There is a stone staircase leading down here.
The ice beast hits you but does no damage.
You fly downwards.
There is a stone staircase leading up here.
There is an escape hatch in the floor here.
The ice beast hits you but does no damage.
You fly downwards.
The hatch slams shut behind you.
Level annotation: Sigmund Zapping:
h - a wand of polymorph {zapped: 2}
Press: ? - help, Shift-Dir - straight line, f - ice beast
Aim: an ice beast The ice beast resists.
The ice beast hits you.
* * * LOW HITPOINT WARNING * * *
The ice beast freezes you!
You feel a terrible chill!
You die...

##.#####.# #.....#####.###.####
##.#####.# #.###.#....#...#...##
.......#.# #.###.#.##.#.>.#.#.#.
##.#...#.# #.#........#...#.#.#.
#.#...#.# #.#.#.#.##..###......
#.......# #.#.#.#.####...###.#.
###...### #.....#.####..####.#.
#...# ###.###..........@.#.
####...########I@...##......##..#
..............#.....##......##.#.
.).......#..................##<#.
).............#.....##..@...##.#.
####...######.#...#.##......###.#
#...# #.##.###.#.###### ##. #...#
#.###.#.##.##### ## #...#
#.###...##.#...## #...#
#.......##..###.##


You could see an ice beast.

Vanquished Creatures
  A hound (D:4)
  An orc priest (D:4)
  3 orc wizards (D:4)
  A worker ant (D:3)
  Jessica (D:2)
  Terence (D:3)
  4 adders
  2 giant mites
  An adder skeleton (D:4)
  2 giant geckos
  20 orcs
  3 ball pythons
  4 giant cockroaches
  8 goblins
  7 hobgoblins
  4 jackals
  3 quokkas
  11 bats
  2 giant newts (D:2)
  6 kobolds
  16 rats
101 creatures vanquished.

Notes
Turn   | Place    | Note
--------------------------------------------------------------
     0 | D:1      | HollowCharge, the Djinni Gladiator, began the quest for the Orb.
     0 | D:1      | Reached XP level 1. HP: 15/15 MP: 0/0
   214 | D:1      | Reached XP level 2. EP: 15/21
   456 | D:2      | Noticed Jessica
   499 | D:1      | Reached XP level 3. EP: 10/28
  1207 | D:2      | Killed Jessica
  1207 | D:2      | Reached XP level 4. EP: 34/34
  1710 | D:3      | Noticed Terence
  1987 | D:3      | Reached XP level 5. EP: 23/41
  2356 | D:3      | Noticed Sigmund
  2622 | D:4      | Found a staircase to the Ecumenical Temple.
  2627 | Temple   | Entered the Ecumenical Temple
  2666 | Temple   | Became a worshipper of Warmaster Okawaru
  2680 | D:4      | Noticed a phantom
  3049 | D:3      | Reached skill level 4 in Dodging
  3265 | D:4      | Noticed Gorice's ghost (average KoWn)
  3522 | D:4      | Noticed an ice beast
  3742 | D:4      | Reached XP level 6. EP: 38/49
  4305 | D:3      | Killed Terence
  4473 | D:3      | HP: 2/49 [something (3)]
  4538 | D:3      | Slain by an ice beast

Action                   |  1- 3 |  4- 6 || total
-------------------------+-------+-------++-------
Melee: Quarterstaff      |   110 |   240 ||   350
Throw: Throwing net      |       |     5 ||     5
Evoke: Wand              |       |     3 ||     3
  Use: Scroll            |     6 |     5 ||    11
 Stab: Held in net/web   |       |     3 ||     3
